 Dungeon Crawl Stone Soup version 0.29.1-12-g30fa7ad0bf (webtiles) character file.

Game seed: 5070871479574585815

86 Radix the Trooper (level 4, 0/30 HPs)
             Began as a Gargoyle Fighter on Dec 28, 2022.
             Slain by Pikel
             ... wielding a +2 whip of freezing
              (1 damage)
             ... on level 4 of the Dungeon.
             The game lasted 00:08:29 (3157 turns).

Radix the Trooper (Gargoyle Fighter)                Turns: 3157, Time: 00:08:30

Health: 0/30       AC: 15    Str: 20    XL:     4   Next: 49%
Magic:  4/4        EV:  7    Int: 10    God:
Gold:   137        SH:  4    Dex:  9    Spells: 3/3 levels left

rFire   . . .      SeeInvis .   a - +0 flail
rCold   . . .      Faith    .   c - +0 buckler
rNeg    + . .      Spirit   .   j - +0 chain mail
rPois   ∞          Reflect  .   n - +0 helmet
rElec   +          Harm     .   i - +0 cloak
rCorr   .          Rampage  .   (no gloves)
Will    .....                   (no boots)
Stlth   ..........              (no amulet)
HPRegen 0.10/turn               (no ring)
MPRegen 0.09/turn               (no ring)

@: hasted, very quick
A: sickness immunity, AC +3, negative energy resistance 1, electricity
resistance, torment resistance 1, petrification resistance
a: no special abilities


You were on level 4 of the Dungeon.
You visited 1 branch of the dungeon, and saw 4 of its levels.

You collected 137 gold pieces.

Inventory:

Hand Weapons
 a - a +0 flail (weapon)
Armour
 b - a +0 scale mail
 c - a +0 buckler (worn)
 i - a +0 cloak (worn)
 j - a +0 chain mail (worn)
 n - a +0 helmet (worn)
 q - a scarf of repulsion
Magical Staves
 s - a staff of cold
Wands
 l - a wand of iceblast (13) (quivered)
Scrolls
 e - 2 scrolls of enchant armour {unknown}
 g - 2 scrolls of fog
 k - a scroll of immolation {unknown}
Potions
 d - a potion of might
 f - a potion of berserk rage
 m - a potion of flight
 o - 2 potions of attraction
 p - a potion of brilliance
 r - a potion of degeneration {unknown}
 t - a potion of invisibility {unknown}


   Skills:
 + Level 4.6 Fighting
 + Level 3.4 Maces & Flails
 - Level 3.2 Armour
 - Level 3.2 Shields
 + Level 0.0 Spellcasting
 + Level 0.0 Evocations


You had 3 spell levels left.
You didn't know any spells.
Your spell library was empty.

Dungeon Overview and Level Annotations

Branches:
Dungeon (4/15)
 Temple: D:4-7

Altars:

Annotations:
D:4 Pikel


Innate Abilities, Weirdness & Mutations

You are immune to sickness and miasma.
Your stone body is resilient. (AC +3)
You are immune to poison.
You resist negative energy. (rN+)
You are resistant to electric shocks. (rElec)
You are resistant to unholy torment.
You are immune to petrification.


Message History

You hit the lemure but do no damage. The lemure barely misses you.
You hit the lemure.
The lemure is lightly wounded.
An endoplasm comes into view.
The lemure attacks as you move away! The lemure hits you but does no damage.
The lemure attacks as you move away! The lemure completely misses you.
The lemure attacks as you move away! The lemure hits you.
The lemure attacks as you move away! The lemure hits you but does no damage.
Pikel cracks his whip.
Aiming: Iceblast
Press: ? - help, Q - select action Shift-Dir - straight line That beam is likely to hit you.
Continue anyway?
The mass of ice explodes!
The iceblast engulfs you.
The iceblast engulfs the lemure!
The lemure is moderately wounded.
The iceblast engulfs the lemure!
The lemure is moderately wounded.
The lemure hits you. The lemure hits you but does no damage.
The lemure hits you but does no damage.
Aiming: Iceblast
Press: ? - help, Q - select action Shift-Dir - straight line, f - Pikel
Aim: Pikel, wielding a +2 whip of freezing, wearing a +0 robe and carrying a wand of polymorph (8) That beam is likely to hit you.
Continue anyway?
The mass of ice explodes!
The iceblast engulfs the lemure.
The lemure is heavily wounded.
The iceblast engulfs you.
* * * LOW HITPOINT WARNING * * *
The iceblast engulfs Pikel!
Pikel is moderately wounded.
The iceblast engulfs the lemure!
The lemure is severely wounded.
The lemure hits you.
* * * LOW HITPOINT WARNING * * *
You block the lemure's attack.
You feel yourself speed up. The lemure barely misses you.
The lemure hits you but does no damage.
Pikel hits you with a +2 whip of freezing.
* * * LOW HITPOINT WARNING * * *
Pikel freezes you.
You die...

#....# #...)#
#....#
#....##########
##.[.......#..##
#.........#...#
#.........#...+ .
#....K....#...#...
#....5@<..#.......
#....5............
#...#####'#######+
#...###.....#
#...##.K...##
#..J#.....##
#...#....##
#...)...##
#...#..##


You could see Pikel and 2 lemures.

Vanquished Creatures
  Robin (D:2)
  A dart slug (D:2)
  An orc (D:4)
  5 bats
  5 endoplasms
  2 giant cockroaches
  11 goblins
  8 hobgoblins
  6 jackals (D:2)
  4 quokkas
  2 ball pythons
  2 frilled lizards
  7 kobolds
  6 rats
61 creatures vanquished.

Notes
Turn   | Place    | Note
-------+----------+-------------------------------------------
     0 | D:1      | Radix the Gargoyle Fighter began the quest for the Orb.
     0 | D:1      | Reached XP level 1. HP: 14/14 MP: 1/1
   204 | D:1      | Reached XP level 2. HP: 19/19 MP: 2/2
  1352 | D:2      | Reached XP level 3. HP: 13/24 MP: 3/3
  1354 | D:2      | Reached skill level 4 in Fighting
  1772 | D:2      | Noticed Robin
  1791 | D:2      | Killed Robin
  1793 | D:2      | Reached XP level 4. HP: 22/30 MP: 4/4
  2498 | D:3      | Found a faded altar of an unknown god.
  3132 | D:4      | Noticed a lemure
  3132 | D:4      | Noticed a lemure
  3132 | D:4      | Noticed Pikel
  3157 | D:4      | HP: 1/30 [Pikel/+2 whip of freezing (5)]
  3157 | D:4      | Slain by Pikel

Illustrated notes

Levels and vault maps discovered:
D:1:      dpeg_arrival_windows_large_door, layout_basic,
          minmay_tree_intersection
D:2:      layout_loops_ring, patterned_corridor, uniq_robin
D:3:      layout_loops_cross, dreamdust_ecumenical_altar_angels_and_demons
D:4:      layout_gridville, trog_wizard, minmay_quadrilaterals, uniq_sigmund,
          uniq_ijyb, uniq_pikel

Skill      XL: |  1  2  3 |
---------------+----------+-----
Fighting       | 4 |  4.6
Maces & Flails | 3 |  3.4
Armour         | |  3.2
Shields        | |  3.2

Action                   |  1- 3 |  4- 6 || total
-------------------------+-------+-------++-------
Melee: Flail             |   120 |    66 ||   186
Evoke: Wand              |       |     2 ||     2
  Use: Scroll            |       |     6 ||     6
       Potion            |       |     1 ||     1
Armor: Scale mail        |    29 |       ||    29
       Chain mail        |   100 |    44 ||   144
Dodge: Dodged            |    76 |    21 ||    97
Block: Buckler           |    27 |    12 ||    39
